 Dungeon Crawl Stone Soup version 0.27.0-66-gdc8fb28755 (webtiles) character file.

Game seed: 6167475513367475349

42 ZARRMARR the Chopper (level 3, 0/33 HPs)
             Began as a Hill Orc Monk on Aug 19, 2021.
             Slain by Terence (8 damage)
             ... on level 2 of the Dungeon.
             The game lasted 00:03:33 (1600 turns).

ZARRMARR the Chopper (Hill Orc Monk)                Turns: 1600, Time: 00:03:34

Health: 0/33       AC:  2    Str: 14    XL:     3   Next: 54%
Magic:  3/3        EV: 12    Int: 10    God:
Gold:   66         SH:  0    Dex: 13    Spells: 2/2 levels left

rFire    . . .     SeeInvis .   a - +0 hand axe
rCold    . . .     Faith    .   (no shield)
rNeg     . . .     Spirit   .   b - +0 robe
rPois    .         Reflect  .   (no helmet)
rElec    .         Harm     .   (no cloak)
rCorr    .         Rampage  .   (no gloves)
Will     .....                  (no boots)
Stlth    ++........             (no amulet)
HPRegen  0.11/turn              (no ring)
MPRegen  0.08/turn              (no ring)

@: no status effects
A: no striking features
a: no special abilities


You were on level 2 of the Dungeon.
You visited 1 branch of the dungeon, and saw 2 of its levels.

You collected 66 gold pieces.

Inventory:

Hand Weapons
 a - a +0 hand axe (weapon)
Armour
 b - a +0 robe (worn)
Scrolls
 e - a scroll of magic mapping
 f - a scroll of amnesia {unknown}


   Skills:
 + Level 4.2 Fighting
 + Level 4.9 Axes
 + Level 2.8 Dodging
 - Level 1.5 Stealth


You had 2 spell levels left.
You didn't know any spells.
Your spell library was empty.

Dungeon Overview and Level Annotations

Branches:
Dungeon (2/15)

Altars:

Shops:
D:1 :   D:2 !

Annotations:
D:2 Terence


Message History

The bat closely misses you.
Terence asks, "Do you want it fast or slow?"
You closely miss the bat. The bat hits you but does no damage. x2
You hit the bat but do no damage. The bat closely misses you.
The bat barely misses you.
You hit Terence but do no damage. You closely miss the bat.
The bat misses you. x2
Terence barely misses you.
You hit Terence.
Terence is lightly wounded.
You barely miss the bat. The bat barely misses you.
The bat hits you but does no damage. Terence barely misses you.
You closely miss Terence.
Terence is lightly wounded.
You hit the bat.
You kill the bat!
Terence hits you with a +0 trident.
You hit Terence but do no damage.
Terence drinks a potion.
Terence seems to speed up.
You hit Terence but do no damage. Terence closely misses you.
Terence completely misses you.
You hit Terence but do no damage. Terence barely misses you.
You completely miss Terence. Terence hits you with a +0 trident! x2
You hit Terence.
Terence is lightly wounded.
Terence bares his teeth.
Terence misses you.
The frilled lizard hisses angrily.
You hit Terence.
Terence is lightly wounded.
Terence closely misses you. Terence barely misses you.
You hit Terence.
Terence is moderately wounded.
Terence barely misses you. Terence hits you with a +0 trident!
* * * LOW HITPOINT WARNING * * *
It was a potion of cancellation.
You feel magically purged. Terence hits you but does no damage.
You hit Terence but do no damage.
Terence is moderately wounded.
Terence hits you with a +0 trident!
You die...

#.# ##.# #..# #.l.
#####..# (.r.
#.∩....## .....
#.###...# #.....
#.# ###<##......
#.# #†#....... #.#
#@#.#..... #.#
#.@.l.....
#.#####.........
#.#......#......
#[..###.........
#..........##.....
#........### #....
#.##..#### #... #.
#### ###


You could see Terence (fast) and a frilled lizard.

Vanquished Creatures
  2 endoplasms (D:1)
  3 giant cockroaches (D:1)
  3 goblins (D:1)
  3 hobgoblins (D:1)
  10 jackals (D:1)
  3 quokkas
  A ball python (D:1)
  4 bats
  2 frilled lizards (D:1)
  3 kobolds (D:1)
  A rat (D:1)
35 creatures vanquished.

Vanquished Creatures (others)
  3 plants (D:1)
3 creatures vanquished.

Grand Total: 38 creatures vanquished

Notes
Turn   | Place    | Note
-------+----------+-------------------------------------------
     0 | D:1      | ZARRMARR the Hill Orc Monk began the quest for the Orb.
     0 | D:1      | Reached XP level 1. HP: 19/19 MP: 1/1
    22 | D:1      | Reached XP level 2. HP: 27/27 MP: 2/2
   333 | D:1      | Found Vibla's Book Emporium.
   561 | D:1      | Reached XP level 3. HP: 33/33 MP: 3/3
  1342 | D:1      | Found a faded altar of an unknown god.
  1416 | D:2      | Found Jomuliorch's Distillery.
  1579 | D:2      | Noticed Terence
  1600 | D:2      | Slain by Terence

Illustrated notes

Levels and vault maps discovered:
D:1:      giann_bridges, layout_loops_ring, ebering_ecumenical_altar_rust,
          serial_shops, nicolae_diamond_shop, corexii_hall_statues_s,
          minmay_tetromino_s4
D:2:      layout_rooms, serial_shops, shop, hex_tiny, minmay_three_crescents,
          uniq_terence

Skill      XL: |  1  2 |
---------------+-------+-----
Fighting       | 4 |  4.2
Axes           | |  4.9
Dodging        | |  2.8
Stealth        | |  1.5

Action                   || total
-------------------------++-------
Melee: Hand axe          ||   135
  Use: Scroll            ||     1
       Potion            ||     1
 Stab: Sleeping          ||     3
Armor: Robe              ||    30
Dodge: Dodged            ||    89
